Map: Eternal Empire LE

Players

JRG

  • Race: Terran Terran
  • Spawn Location: 1:00

jheffe - Winner!

  • Race: Terran Terran
  • League: Grandmaster
  • Spawn Location: 7:00

VOD

Have the link to the VOD?

Description

Time

  • Played on: April 22, 2020, 6:57 p.m.
  • Length: 4:05
Show
View Real Time Build Order
Export as new Build Order

JRG Terran 

Build Orders: Reaper Expand 

Get SALT Encoding   

  12  0:03  SCV  
  13  0:15  SCV  
  13  0:19  Supply Depot  
  14  0:27  SCV  
  15  0:41  SCV, Barracks  
  16  0:46  Refinery  
  16  0:54  SCV  
  17  1:06  SCV  
  18  1:28  Orbital Command  
  18  1:31  Reaper  
  19  1:42  Command Center  
  19  1:56  SCV  
  19  1:59  Supply Depot  
  20  2:02  Marine  
  21  2:09  Bunker  
  21  2:15  SCV  
  22  2:20  Factory  
  22  2:23  Refinery  
  20  2:31  Reaper  
  19  2:56  SCV  
  19  2:57  Command Center  
  20  3:08  SCV  
  20  3:09  Hellion, Reaper  
  24  3:19  Starport  
  23  3:38  Hellion  
  24  3:44  Marine  
Show
View Real Time Build Order
Export as new Build Order

jheffe Terran - Winner!

Build Orders:  

Get SALT Encoding   

  12  0:00  SCV  
  13  0:12  SCV  
  14  0:20  Supply Depot  
  14  0:42  Barracks  
  14  0:45  Refinery  
  14  0:56  Barracks  
  14  1:00  SCV  
  15  1:12  SCV  
  17  1:30  Reaper  
  18  1:33  Orbital Command  
  18  1:34  Refinery  
  17  1:45  Reaper  
  18  1:58  SCV  
  19  2:04  Reaper  
  19  2:05  Supply Depot  
  20  2:11  SCV  
  21  2:17  Reaper  
  22  2:23  SCV  
  23  2:36  Reaper  
  24  2:37  SCV  
  24  2:41  Factory  
  25  2:49  SCV  
  26  2:52  Supply Depot  
  26  3:01  SCV  
  27  3:14  SCV  
  27  3:17  Command Center  
  28  3:26  SCV, Factory Tech Lab  
  29  3:31  Starport  
  29  3:40  SCV  
Tags
 
Matchup
TvT
Player
jheffe
Race
Terran
Spawn Locations
Cross Positions
Add a new tag
Caveats
  • Supply blocks, unpowered buildings, or Contaminate may cause inaccurate times.
  • Supply counts are checked every 10 seconds.